 Dungeon Crawl Stone Soup version 0.25-a0-292-gaa31f046c4 (webtiles) character file.

Game seed: 2564933389093559571, levelgen mode: deterministic

522 MrRokkomies the Magician (level 7, -1/50 HPs)
             Began as a Gnoll Wanderer on Dec 15, 2019.
             Was a Follower of Dithmenos.
             Slain by an orc warrior
             ... wielding a +0 short sword
              (15 damage)
             ... on level 6 of the Dungeon.
             The game lasted 00:09:30 (4472 turns).

MrRokkomies the Magician (Gnoll Wanderer)           Turns: 4472, Time: 00:09:30

Health: -1/50      AC:  5    Str: 12    XL:     7   Next: 22%
Magic:  18/18      EV: 12    Int: 19    God:    Dithmenos [*.....]
Gold:   286        SH:  0    Dex: 14    Spells: 17/21 levels left

rFire    . . .     SeeInvis .   a - +2 rapier (vamp)
rCold    . . .     Gourm    .   (no shield)
rNeg     . . .     Faith    .   s - +0 ring mail (curse)
rPois    .         Spirit   .   (no helmet)
rElec    .         Reflect  .   (no cloak)
rCorr    .         Harm     .   (no gloves)
MR       .....                  (no boots)
Stlth    +++.......             y - amulet of the acrobat
HPRegen  0.16/turn              (no ring)
MPRegen  0.16/turn              (no ring)

@: wreathed by umbra
A: distributed training, fangs 1, sense surroundings 1, strong nose
a: Renounce Religion


You were on level 6 of the Dungeon.
You worshipped Dithmenos.
Dithmenos was aware of your devotion.
You were not hungry.

You visited 1 branch of the dungeon, and saw 6 of its levels.

You collected 286 gold pieces.

Inventory:

Hand Weapons
 a - a +2 vampiric rapier (weapon)
 l - a +0 hunting sling
Missiles
 j - 47 arrows
 m - 119 stones
 o - 15 bolts
 v - 10 sling bullets
 w - 2 boomerangs
 A - 4 javelins (quivered)
Armour
 d - a +3 leather armour
 s - a cursed +0 ring mail (worn)
Magical Staves
 r - an uncursed staff of poison
Jewellery
 y - an amulet of the acrobat (around neck)
Wands
 i - a wand of digging (5)
Scrolls
 b - 4 scrolls of fear
 h - 4 scrolls of teleportation
Potions
 c - 3 potions of lignification
 e - a potion of curing
 g - a potion of agility
 k - a potion of mutation
 n - a potion of haste
 p - a potion of resistance
 q - a potion of heal wounds
 u - a potion of might
 C - a potion of ambrosia {unknown}
 D - a potion of invisibility {unknown}
Comestibles
 f - 12 rations


   Skills:
 + Level 2.3 Fighting
 + Level 3.5 Short Blades
 + Level 2.3 Long Blades
 + Level 2.3 Axes
 + Level 2.3 Maces & Flails
 + Level 2.3 Polearms
 + Level 2.3 Staves
 + Level 2.3 Slings
 + Level 2.3 Bows
 + Level 2.3 Crossbows
 + Level 3.5 Throwing
 + Level 2.3 Armour
 + Level 3.5 Dodging
 + Level 4.8 Stealth
 + Level 2.3 Shields
 + Level 2.3 Unarmed Combat
 + Level 7.5 Spellcasting
 + Level 4.2 Conjurations
 + Level 1.8 Hexes
 + Level 1.8 Charms
 + Level 1.8 Summonings
 + Level 1.8 Necromancy
 + Level 1.8 Translocations
 + Level 1.8 Transmutations
 + Level 1.8 Fire Magic
 + Level 1.8 Ice Magic
 + Level 1.8 Air Magic
 + Level 1.8 Earth Magic
 + Level 1.8 Poison Magic
 + Level 2.5 Invocations
 + Level 2.3 Evocations


You had 17 spell levels left.
You knew the following spells:

 Your Spells              Type           Power        Failure   Level  Hunger
a - Sandblast             Erth           ##....       10%         1    None
b - Stone Arrow           Conj/Erth      ###...       19%         3    #......

Your spell library contained the following spells:

 Spells                   Type           Power        Failure   Level  Hunger


Dungeon Overview and Level Annotations

Branches:
Dungeon (6/15)             Temple (0/1) D:6

Altars:
Dithmenos
Beogh

Annotations:
D:5 3 runed translucent doors, 1312's ghost, weakling DsGl


Innate Abilities, Weirdness & Mutations

Your experience applies equally to all skills.
You have very sharp teeth.
Your uncanny sense of smell can sniff out nearby items.
You passively map a small area around you.


Message History

You hit the orc warrior but do no damage.
The orc warrior is moderately wounded.
The orc warrior hits you but does no damage.
You closely miss the orc warrior.
The orc warrior is moderately wounded.
The orc warrior hits you but does no damage.
You hit the orc warrior but do no damage.
The orc warrior is moderately wounded.
The orc warrior misses you.
You hit the orc warrior but do no damage.
Your bite misses the orc warrior.
The orc warrior is moderately wounded.
The orc warrior hits you with a +0 short sword!
* * * LOW HITPOINT WARNING * * *
You closely miss the orc warrior.
The orc warrior is moderately wounded.
The orc wizard gestures wildly while chanting.
The orc wizard blinks!
The orc warrior hits you with a +0 short sword!
You die...

,******** *,.# ,,,,,,,,*
*..# *******,* *..#
*******,* ###..# >,,,,,*,*
#########....# *****,*,*
#o...........# ,,,,,,,,*
#.#######)#### ,*,,,,,,**
#.# #)# ,,,,,,,,,* #@# #.#
,,*,,,,,,* #o# #.#
,,*,,,,,,* #o# #.#
,**,,,,,,* ****#§#*### #.#
,**,***,,***,,,.oo,..# #.#
,,,,* *,,,,,,**#.#*#.# #.#
,**,***,,***** #.# #.# #.#
,,,,,,,,,,*****#.# #.# #.#
,,,,,,,,,,,,,,,..###§###.#


You could see an orc warrior, an orc wizard and 3 orcs.

Vanquished Creatures
  A sky beast (D:5)
  A centaur (D:5)
  A crimson imp (D:5)
  3 hounds (D:5)
  An orc wizard (D:6)
  3 gnolls (D:5)
  7 adders
  2 worms
  2 dart slugs
  3 leopard geckos (D:5)
  7 orcs
  4 ball pythons
  9 giant cockroaches
  7 goblins
  10 hobgoblins
  7 jackals
  3 quokkas
  5 bats
  9 frilled lizards
  4 kobolds
  3 rats
92 creatures vanquished.

Notes
Turn   | Place    | Note
-------+----------+-------------------------------------------
     0 | D:1      | MrRokkomies the Gnoll Wanderer began the quest for the Orb.
     0 | D:1      | MrRokkomies set off with the following items: a +0 dagger,
                  | a potion of lignification, a +2 leather armour, a ration;
                  | and the following spell memorised: Sandblast; and the
                  | following spells available to memorise: Stone Arrow
     0 | D:1      | Reached XP level 1. HP: 13/13 MP: 8/8
   105 | D:1      | Reached XP level 2. HP: 19/19 MP: 10/10
   823 | D:2      | Found a shadowy altar of Dithmenos.
   827 | D:2      | Became a worshipper of Dithmenos the Shadowed
   898 | D:2      | Reached XP level 3. HP: 17/25 MP: 11/11
  1215 | D:2      | Reached skill level 1 in Invocations
  1773 | D:2      | Reached skill level 1 in Fighting
  1773 | D:2      | Reached skill level 1 in Long Blades
  1773 | D:2      | Reached skill level 1 in Axes
  1773 | D:2      | Reached skill level 1 in Maces & Flails
  1773 | D:2      | Reached skill level 1 in Polearms
  1773 | D:2      | Reached skill level 1 in Staves
  1773 | D:2      | Reached skill level 1 in Slings
  1773 | D:2      | Reached skill level 1 in Bows
  1773 | D:2      | Reached skill level 1 in Crossbows
  1773 | D:2      | Reached skill level 1 in Armour
  1773 | D:2      | Reached skill level 1 in Shields
  1773 | D:2      | Reached skill level 1 in Unarmed Combat
  1773 | D:2      | Reached skill level 1 in Evocations
  1898 | D:3      | Reached XP level 4. HP: 32/32 MP: 13/13
  1943 | D:3      | Learned a level 3 spell: Stone Arrow
  2258 | D:3      | Gained mutation: Your mind is acute. (Int +2) [potion of
                  | mutation]
  2258 | D:3      | Lost mutation: Your mind is acute. (Int +2) [potion of
                  | mutation]
  2258 | D:3      | Gained mutation: You passively map a small area around you.
                  | [potion of mutation]
  2587 | D:3      | Reached * piety under Dithmenos
  2587 | D:3      | Reached skill level 1 in Hexes
  2587 | D:3      | Reached skill level 1 in Charms
  2587 | D:3      | Reached skill level 1 in Summonings
  2587 | D:3      | Reached skill level 1 in Necromancy
  2587 | D:3      | Reached skill level 1 in Translocations
  2587 | D:3      | Reached skill level 1 in Transmutations
  2587 | D:3      | Reached skill level 1 in Fire Magic
  2587 | D:3      | Reached skill level 1 in Ice Magic
  2587 | D:3      | Reached skill level 1 in Air Magic
  2587 | D:3      | Reached skill level 1 in Earth Magic
  2587 | D:3      | Reached skill level 1 in Poison Magic
  3055 | D:4      | Reached XP level 5. HP: 34/37 MP: 14/14
  3390 | D:5      | Entered Level 5 of the Dungeon
  3390 | D:5      | Noticed a sky beast
  3400 | D:5      | Killed a sky beast
  3519 | D:5      | Reached XP level 6. HP: 42/44 MP: 16/16
  3849 | D:5      | Reached XP level 7. HP: 50/50 MP: 18/18
  3947 | D:5      | Found a runed translucent gate.
  3948 | D:5      | Found a runed translucent gate.
  3949 | D:5      | Found a runed translucent gate.
  3951 | D:5      | Noticed 1312's ghost (weakling DsGl)
  3952 | D:5      | Identified the +5 dagger "Kiatsick" {pierce, rN+ MP+9 Int+3
                  | Stlth+}
  3952 | D:5      | Identified the cursed +0 scale mail "Lomidix" {*Slow Int+7
                  | Dex+2}
  3955 | D:5      | Found a roughly hewn altar of Beogh.
  4472 | D:6      | Slain by an orc warrior

Levels and vault maps discovered:
D:1:      co_arrival_square_in_a_square_in_a_square, layout_basic
D:2:      layout_loops_ring, grunt_dithmenos_smoke_and_mirrors
D:3:      layout_loops_corners
D:4:      layout_rooms
D:5:      layout_loops_ring, biasface_ghost_orc_armoury, first_ration,
          saegor_snake_ambush
D:6:      layout_loops_ring, minmay_temple_entry_statues

Skill      XL: |  1  2  3  4  5  6 |
---------------+-------------------+-----
Invocations    | 1 2 |  2.5
Fighting       | 1 2 |  2.3
Long Blades    | 1 2 |  2.3
Axes           | 1 2 |  2.3
Maces & Flails | 1 2 |  2.3
Polearms       | 1 2 |  2.3
Staves         | 1 2 |  2.3
Slings         | 1 2 |  2.3
Bows           | 1 2 |  2.3
Crossbows      | 1 2 |  2.3
Armour         | 1 2 |  2.3
Shields        | 1 2 |  2.3
Unarmed Combat | 1 2 |  2.3
Evocations     | 1 2 |  2.3
Hexes          | 1 |  1.8
Charms         | 1 |  1.8
Summonings     | 1 |  1.8
Necromancy     | 1 |  1.8
Translocations | 1 |  1.8
Transmutations | 1 |  1.8
Fire Magic     | 1 |  1.8
Ice Magic      | 1 |  1.8
Air Magic      | 1 |  1.8
Earth Magic    | 1 |  1.8
Poison Magic   | 1 |  1.8
Short Blades   | 3 |  3.5
Throwing       | 3 |  3.5
Dodging        | 3 |  3.5
Conjurations   | 4 |  4.2
Stealth        | |  4.8
Spellcasting   | |  7.5

Action                   |  1- 3 |  4- 6 |  7- 9 || total
-------------------------+-------+-------+-------++-------
Melee: Spear             |   134 |    75 |       ||   209
       Dagger            |    13 |       |       ||    13
       Bite              |    14 |    12 |     3 ||    29
       Rapier            |       |    70 |    75 ||   145
       Punch             |       |     1 |     1 ||     2
 Cast: Sandblast         |     2 |     3 |       ||     5
  Use: Scroll            |     4 |     5 |     6 ||    15
       Potion            |       |     3 |       ||     3
 Stab: Sleeping          |     8 |    16 |       ||    24
  Eat: Chunk             |     3 |     6 |     3 ||    12
Armor: Leather armour    |    31 |    13 |       ||    44
       Ring mail         |       |    17 |    10 ||    27
Dodge: Dodged            |    76 |    71 |    53 ||   200

Table legend:
 A = Non-vault XP
 B = Vault XP
 C = Vault XP percentage of total XP
 D = Non-vault monster count
 E = Vault monster count
 F = Vault count percentage of total count
                 A         B        C        D         E       F
            +---------+---------+-------+---------+---------+-------
      Total |     729 |      18 |   2.4 |      88 |       4 |   4.3
            +---------+---------+-------+---------+---------+-------
        D:1 |      24 |       0 |   0.0 |      14 |       0 |   0.0
        D:2 |      54 |       0 |   0.0 |      22 |       0 |   0.0
        D:3 |      81 |       0 |   0.0 |      23 |       0 |   0.0
        D:4 |      20 |       0 |   0.0 |       4 |       0 |   0.0
        D:5 |     481 |      18 |   3.6 |      18 |       4 |  18.2
        D:6 |      69 |       0 |   0.0 |       7 |       0 |   0.0
            +---------+---------+-------+---------+---------+-------
